 Dungeon Crawl Stone Soup version 0.22.1-2-g9c5b331383 (webtiles) character file.

189264 Pocketmage the Warrior (level 18, -2/119 HPs)
             Began as a Gargoyle Ice Elementalist on Dec 26, 2018.
             Was the Champion of Qazlal.
             Killed by divine providence
             ... invoked by a smoke demon
              (14 damage)
             ... on level 2 of the Abyss on Dec 27, 2018.
             The game lasted 08:29:51 (60511 turns).

Pocketmage the Warrior (Gargoyle Ice Elementalist) Turns: 60511, Time: 08:29:52

Health: -2/119     AC: 35    Str: 11    XL:     18   Next: 12%
Magic:  12/35      EV: 12    Int: 27    God:    Qazlal [******]
Gold:   547        SH: 23    Dex: 16    Spells: 13/43 levels left

rFire    + . .     SeeInvis +   Z - +2 demon trident (freeze)
rCold    . . .     Gourm    .   P - +0 shield
rNeg     + . .     Faith    .   l - +2 robe {MR+}
rPois    ∞         Spirit   .   B - +3 crown of Dyrovepreva {rElec Int+2 SInv}
rElec    +         Reflect  +   e - +1 cloak
rCorr    .         Harm     .   M - +2 pair of gloves
MR       ++...                  S - +2 pair of boots {run}
Stlth    +.........             K - +3 amulet of reflection
HPRegen  0.29/turn              j - +5 ring of protection
MPRegen  0.24/turn              p - +6 ring of dexterity

@: protected from fire, flying, repel missiles, quick
A: big wings, negative energy resistance 1, electricity resistance, unbreathing,
petrification resistance, rot immunity, AC +13
}: 1/15 runes: barnacled
a: Stop Flying, Upheaval, Elemental Force, Disaster Area, Renounce Religion


You were on level 2 of the Abyss.
You worshipped Qazlal.
Qazlal was exalted by your worship.
You were not hungry.

You visited 6 branches of the dungeon, and saw 32 of its levels.
You visited the Abyss 1 time.

You collected 3165 gold pieces.
You spent 2618 gold pieces at shops.

Inventory:

Hand Weapons
 A - a +8 blowgun
 H - the +5 demon whip "Spellbinder" {antimagic, MR+}
   (You found it on level 4 of the Shoals)

   It reduces the magical energy of the wielder, and disrupts the spells and
   magical abilities of those hit.
   Natural abilities and divine invocations are not affected.
   It affects your resistance to hostile enchantments.
 Z - a +2 demon trident of freezing (weapon)
Missiles
 w - 38 tomahawks (quivered)
 E - 8 throwing nets
 V - 8 curare-tipped needles
Armour
 e - a +1 cloak (worn)
 l - a +2 robe of magic resistance (worn)
 m - the +1 helmet of Watchfulness {Str+5}
   (You acquired it on level 3 of the Shoals)

   It affects your strength (+5).
 B - the +3 crown of Dyrovepreva (worn) {rElec Int+2 SInv}
   (You found it on level 4 of the Shoals)

   It affects your intelligence (+2).
   It insulates you from electricity.
   It lets you see invisible.
 M - a +2 pair of gloves (worn)
 P - a +0 shield (worn)
 S - a +2 pair of boots of running (worn)
Jewellery
 b - the ring "Punouh" {Fire rPois Int+4}
   (You found it on level 10 of the Dungeon)

   [ring of fire]

   It enhances your fire magic.
   It affects your intelligence (+4).
   It protects you from fire.
   It makes you vulnerable to cold.
   It protects you from poison.
 j - a +5 ring of protection (left hand)
 p - a +6 ring of dexterity (right hand)
 r - an uncursed ring of ice
 D - the ring of Divine Intervention {Ice Dex+4}
   (You found it on level 5 of the Dungeon)

   [ring of ice]

   It enhances your ice magic.
   It affects your dexterity (+4).
   It makes you vulnerable to fire.
   It protects you from cold.
 K - a +3 amulet of reflection (around neck)
 N - an uncursed amulet of magic regeneration
 T - an uncursed ring of see invisible {unknown}
Wands
 a - a wand of paralysis (24)
 g - a wand of enslavement (25)
 o - a wand of acid (16)
 z - a wand of iceblast (16)
 J - a wand of digging (22)
Scrolls
 d - 2 scrolls of silence
 f - 2 scrolls of amnesia
 h - a scroll of summoning
 i - 7 scrolls of identify
 k - a scroll of brand weapon
 q - 3 scrolls of fog
 s - 5 scrolls of enchant weapon
 y - 2 scrolls of teleportation
 C - 5 scrolls of magic mapping
 I - 3 scrolls of enchant armour
 L - 15 scrolls of remove curse
 X - 3 scrolls of blinking
Potions
 t - 6 potions of ambrosia
 u - a potion of magic
 v - 3 potions of might
 F - 4 potions of flight
 G - 2 potions of cancellation
 O - 2 potions of brilliance
 Q - 2 potions of curing
 R - 2 potions of agility
 U - 2 potions of mutation
 W - a potion of resistance
 Y - a potion of invisibility
Miscellaneous
 n - a lamp of fire
Comestibles
 c - 24 rations
 x - 5 chunks of flesh


   Skills:
 + Level 15.3 Fighting
 - Level 10.0 Armour
 - Level 1.5 Dodging
 - Level 2.1 Stealth
 + Level 13.0 Shields
 + Level 13.3 Spellcasting
 + Level 4.7 Conjurations
 - Level 8.0 Summonings
 - Level 13.0 Ice Magic
 - Level 8.0 Air Magic
 - Level 10.0 Invocations


You had 13 spell levels left.
You knew the following spells:

 Your Spells              Type           Power        Failure   Level  Hunger
a - Freeze                Ice            ####         1%          1    None
b - Throw Frost           Conj/Ice       ######       1%          2    None
c - Summon Ice Beast      Ice/Summ       ######..     1%          4    None
d - Throw Icicle          Conj/Ice       ######..     1%          4    None
e - Summon Lightning Spi  Summ/Air       ######..     1%          4    None
f - Ozocubu's Refrigerat  Ice            ######....   2%          6    ####...
g - Mephitic Cloud        Conj/Pois/Air  #####...     1%          3    None
h - Freezing Cloud        Conj/Ice/Air   ######....   17%         6    ####...

Your spell library contained the following spells:

 Spells                   Type           Power        Failure   Level  Hunger
 Magic Dart               Conj           ####         1%          1    None
 Poisonous Vapours        Pois/Air       #####.       1%          2    None
 Searing Ray              Conj           #####.       1%          2    None
 Ozocubu's Armour         Chrm/Ice       ######..     1%          3    None
 Recall                   Summ/Tloc      N/A          2%          3    None
 Ice Form                 Ice/Tmut       ######..     2%          4    None
 Infusion                 Chrm           ###.         3%          1    None
 Sandblast                Erth           ###...       3%          1    None
 Conjure Flame            Conj/Fire      ####....     4%          3    None
 Dazzling Spray           Conj/Hex       ####..       4%          3    None
 Stone Arrow              Conj/Erth      ####..       4%          3    None
 Iskenderun's Mystic Bla  Conj           #####...     5%          4    None
 Passwall                 Tmut/Erth      ###.....     6%          2    None
 Shroud of Golubria       Chrm/Tloc      ###.......   6%          2    None
 Song of Slaying          Chrm           ###.....     6%          2    None
 Metabolic Englaciation   Hex/Ice        ######....   8%          5    ##.....
 Regeneration             Chrm/Necr      ###.......   12%         3    None
 Spectral Weapon          Hex/Chrm       ###.....     12%         3    None
 Force Lance              Conj/Tloc      ####....     14%         4    None
 Fulminant Prism          Conj/Hex       ####......   14%         4    None
 Bolt of Cold             Conj/Ice       ######....   16%         6    ####...
 Silence                  Hex/Air        #####.....   21%         5    ##.....
 Animate Dead             Necr           N/A          36%         4    None
 Leda's Liquefaction      Hex/Erth       ###.......   36%         4    None
 Petrify                  Tmut/Erth      ###.....     36%         4    None
 Iskenderun's Battlesphe  Conj/Chrm      ####....     38%         5    ##.....
 Venom Bolt               Conj/Pois      ####......   38%         5    ##.....
 Simulacrum               Ice/Necr       ######....   38%         6    ####...
 Conjure Ball Lightning   Conj/Air       ######....   41%         6    ####...
 Bolt of Magma            Conj/Fire/Erth ####......   50%         5    ##.....
 Borgnjor's Vile Clutch   Necr/Erth      ###.......   71%         5    ##.....
 Lee's Rapid Deconstruct  Erth           ###.......   71%         5    ##.....
 Deflect Missiles         Chrm/Air       #####.....   75%         6    ####...
 Monstrous Menagerie      Summ           ######....   77%         7    ######.
 Summon Greater Demon     Summ           ######....   77%         7    ######.
 Iron Shot                Conj/Erth      ####......   92%         6    ####...
 Spellforged Servitor     Conj/Summ      ######....   94%         7    ######.
 Death Channel            Necr           ###.......   99%         6    ####...
 Malign Gateway           Summ/Tloc      #####.....   99%         7    ######.
 Orb of Destruction       Conj           #####.....   99%         7    ######.
 Ring of Flames           Chrm/Fire      ###.......   100%        7    ######.
 Summon Horrible Things   Summ           ######....   100%        8    #######
 Shatter                  Erth           ###.......   100%        9    #######
 Tornado                  Air            ######....   100%        9    #######
 Statue Form              Tmut/Erth      Unusable     N/A         6    N/A

Dungeon Overview and Level Annotations

Branches:
Dungeon (15/15)            Temple (0/1) D:5            Lair (6/6) D:9
 Shoals (4/4) Lair:3        Snake (4/4) Lair:2        Slime (0/5) Lair:5
    Orc (2/2) D:9             Elf (1/3) Orc:2        Vaults (0/5) D:14
 Depths (0/5) D:15

Altars:
Ashenzari
Fedhas
Kikubaaqudgha
Nemelex Xobeh
Qazlal
Ru
Trog
Xom
Zin
Beogh
Jiyva

Shops:
D:7 *   D:10 [   D:12 }   D:14 =   Orc:2 *:([   Elf:1 [}?!   Snake:1 =}}

Annotations:
Lair:2 exclusion: 2 oklob plants
Lair:3 3 runed doors, thefreepie's ghost, journeyman MiBe
Snake:4 5 exclusions, Louise


Innate Abilities, Weirdness & Mutations

You are resistant to torment.
Your stone body is resilient. (AC +13)
You are immune to poison.
Your large and strong wings let you fly indefinitely.
You resist negative energy. (rN+)
You are resistant to electric shocks. (rElec)
You can survive without breathing.
You are immune to petrification.
You are immune to rotting.


Message History

Unknown command.
The smoke demon misses your ice beast. The smoke demon hits your ice beast.
The smoke demon misses your ice beast. The wraith hits your ice beast.
Your ice beast closely misses the wraith.
Casting: Summon Ice Beast (safe; 1% risk of failure)
Confirm with . or Enter, or press ? or * to list all spells.
Aiming: Summon Lightning Spire (safe; 1% risk of failure)
Press: ? - help, Dir - move target cursor An electric hum fills the air.
You hear a roar!
The wraith hits your ice beast!
Your ice beast dies!
The smoke demon hits your ice beast but does no damage. x3
Your ice beast is engulfed in a cloud of scalding steam.
Your ice beast closely misses the wraith.
The wraith hits your lightning spire!
The wraith drains your lightning spire's vigour!
The smoke demon gestures at you. Something smites you!
You die...

....... ... ...
.. #.....## .#
#......# .#
...#.## ..
#....## .#
#....###.##
§#3W8#.#§.###
#§. #Y§§.@....#
#3#.#.#Y#...####
.. ####..§§.##
+.. ###.§## # ..
#... +.++ #.#...
# .......
........#
..##..###


You could see a smoke demon, a wraith, 2 friendly ice beasts and a friendly
lightning spire.

Vanquished Creatures
  A kraken (Shoals:3)
  Polyphemus (Shoals:3)
  Ilsuiw (Shoals:3)
  Roxanne (Shoals:3)
  An orc warlord (Orc:2)
  3 dire elephants
  3 merfolk impalers
  The ghost of kmx the Nimble, a journeyman FeSu of Vehumet (Snake:3)
  2 hydras
  3 vault guards (D:14)
  10 naga warriors
  4 anacondas
  A merfolk avatar (Shoals:4)
  3 merfolk aquamancers
  A centaur warrior (D:13)
  A satyr (Shoals:1)
  A dancing weapon (Elf:1)
  A two-headed ogre (D:15)
  2 death yaks
  3 naga sharpshooters
  6 shock serpents
  2 deep elf knights (Elf:1)
  5 sea snakes
  A sixfirhy (Abyss:2)
  A kraken simulacrum (Shoals:4)
  2 skeletal warriors
  A deep troll (D:15)
  2 naga ritualists
  2 deep elf archers (Elf:1)
  An unseen horror (D:14)
  5 orc knights
  7 harpies
  A wizard (Elf:1)
  A lindwurm (Lair:3)
  13 deep elf magi (Elf:1)
  9 mana vipers
  2 orc sorcerers (Orc:2)
  2 salamanders
  5 fauns
  17 elephants
  4 manticores
  5 merfolk sirens
  4 naga magi
  Joseph (D:9)
  A guardian serpent (Snake:3)
  2 water nymphs
  17 black mambas
  An orange demon (Abyss:2)
  3 spiny frogs
  4 komodo dragons
  A kobold demonologist (D:15)
  A yaktaur (D:15)
  An ancient zyme (Abyss:2)
  10 merfolk
  A queen bee (Lair:2)
  A polar bear (Lair:4)
  7 trolls
  A hornet (Lair:3)
  4 hippogriffs
  3 slime creatures (D:12)
  3 blink frogs (Lair:1)
  A dream sheep (Shoals:3)
  A snapping turtle (Shoals:1)
  6 water elementals
  15 yaks
  An air elemental (Elf:1)
  A wraith (D:12)
  A basilisk (D:14)
  2 wyverns (Lair:5)
  2 steam dragons
  14 nagas
  3 wargs
  5 water moccasins
  6 porcupines
  20 orc warriors
  A sky beast (D:8)
  4 ice beasts
  A necrophage (D:12)
  2 phantoms
  5 ogres
  5 wolves
  A centaur (D:10)
  7 crocodiles
  A crocodile (shapeshifter) (D:15)
  4 big kobolds
  7 bullfrogs
  3 gnoll sergeants
  A scorpion (D:11)
  19 killer bees (Lair:2)
  10 wights
  An electric eel (Lair:3)
  A jelly (D:10)
  A crimson imp (D:12)
  2 quasits
  3 lava snakes (Snake:4)
  2 centaur zombies
  A bullfrog zombie (D:6)
  2 hounds
  4 centaur skeletons
  4 orc priests
  Crazy Yiuf (D:3)
  A bullfrog skeleton (D:12)
  An iguana (D:5)
  15 orc wizards
  A hell rat (Lair:2)
  9 worker ants
  A hound skeleton (D:9)
  4 gnolls
  A howler monkey skeleton (D:5)
  10 adders
  4 shadow imps
  2 oozes (D:1)
  3 worms
  3 dart slugs
  4 leopard geckos
  50 orcs
  10 bats
  11 giant cockroaches
  7 goblins
  5 hobgoblins
  4 jackals (D:5)
  4 quokkas
  3 ball pythons
  5 frilled lizards
  2 jackal zombies
  14 kobolds
  A quokka zombie (D:4)
  8 rats
  A rat zombie (D:4)
  2 plants (Lair:6)
  A starspawn tentacle (Abyss:2)
  A tentacle (Shoals:4)
563 creatures vanquished.

Vanquished Creatures (collateral kills)
  Nikola (Shoals:2)
  A draconian monk (Abyss:2)
  2 nagarajas
  A frost giant (Shoals:3)
  2 deep elf sorcerers (Elf:1)
  A deep elf elementalist (Elf:1)
  4 dire elephants (Lair:6)
  2 merfolk javelineers (Shoals:4)
  9 merfolk impalers
  5 vault guards (D:14)
  3 naga warriors
  6 hydras
  2 ice dragons (Shoals:3)
  2 centaur warriors (D:15)
  4 merfolk aquamancers
  8 anacondas
  A merfolk avatar (Shoals:4)
  A catoblepas (Shoals:2)
  A satyr (Shoals:4)
  2 two-headed ogres
  An orc high priest (Orc:2)
  2 death yaks (Shoals:3)
  4 naga sharpshooters
  Urug (Orc:2)
  2 shock serpents
  3 deep elf knights
  Sonja (Lair:2)
  A salamander mystic (Snake:3)
  2 skeletal warriors
  3 sea snakes
  The ghost of Toogi the Covered, a novice HaSk of Okawaru (D:8)
  4 deep elf archers (Elf:1)
  A wizard (Elf:1)
  6 naga ritualists
  7 harpies
  8 mana vipers
  5 salamanders
  2 orc knights (D:9)
  An ugly thing (D:11)
  12 fauns
  An orc sorcerer (Orc:1)
  4 manticores
  9 deep elf magi
  2 cyclopes
  7 merfolk sirens
  18 elephants
  2 smoke demons (Abyss:2)
  A guardian serpent (Snake:3)
  22 black mambas
  8 naga magi
  A water nymph (Shoals:3)
  A centaur skeleton (D:14)
  2 rime drakes
  7 spiny frogs
  3 kobold demonologists
  4 komodo dragons
  8 trolls
  2 wind drakes
  20 merfolk
  Grinder (D:6)
  A hornet (Lair:3)
  6 slime creatures
  3 raiju (Abyss:2)
  A dream sheep (Shoals:3)
  A blink frog (Lair:1)
  14 hippogriffs
  7 snapping turtles
  11 water elementals
  2 spriggans
  18 yaks
  4 wyverns
  A wraith (D:15)
  2 hungry ghosts
  3 basilisks
  A neqoxec (Abyss:2)
  A soldier ant (D:10)
  2 wargs
  An acid dragon (D:11)
  10 water moccasins
  24 nagas
  13 porcupines
  19 orc warriors
  2 black bears
  A phantom (D:11)
  An eye of draining (D:10)
  7 ogres
  A boggart (Elf:1)
  5 centaurs
  2 wolves
  9 crocodiles
  6 big kobolds
  15 bullfrogs
  3 gnoll sergeants (D:9)
  3 scorpions
  10 wights
  9 killer bees (Lair:2)
  4 crimson imps
  2 jellies
  A quasit (D:8)
  2 centaur zombies
  2 hounds
  17 orc priests
  A bullfrog skeleton (D:8)
  2 iguanas (D:7)
  16 orc wizards
  5 worker ants
  6 adders
  10 gnolls
  A shadow imp (D:7)
  An adder skeleton (D:5)
  A leopard gecko (D:9)
  48 orcs
  A ball python (Snake:4)
  12 kobolds
  2 leopard gecko skeletons (D:8)
  6 fungi
  4 plants
  A starspawn tentacle (Abyss:2)
  A tentacle (Shoals:3)
613 creatures vanquished.

Vanquished Creatures (others)
  2 merfolk javelineers
  2 satyrs (Shoals:3)
  2 manticores (Shoals:2)
  2 fauns (Shoals:3)
  A water elemental (Shoals:2)
  A killer bee (Lair:2)
  A hound (D:4)
  An orc (D:6)
  A bush (Lair:5)
  79 fungi
  94 plants
  22 starspawn tentacles (Abyss:2)
  13 tentacles
221 creatures vanquished.

Grand Total: 1397 creatures vanquished

Notes
Turn   | Place    | Note
-------+----------+-------------------------------------------
     0 | D:1      | Pocketmage the Gargoyle Ice Elementalist began the quest
                  | for the Orb.
     0 | D:1      | Reached XP level 1. HP: 10/10 MP: 3/3
   167 | D:1      | Reached XP level 2. HP: 16/16 MP: 3/5
   277 | D:1      | Learned a level 2 spell: Throw Frost
   599 | D:1      | Reached skill level 1 in Fighting
   599 | D:1      | Reached skill level 1 in Armour
   655 | D:1      | Reached XP level 3. HP: 20/20 MP: 3/6
  2485 | D:2      | Reached XP level 4. HP: 18/25 MP: 0/7
  2577 | D:2      | Learned a level 4 spell: Summon Ice Beast
  2803 | D:2      | Found a stormy altar of Qazlal.
  2805 | D:2      | Noticed a fire elemental
  2806 | D:2      | Noticed an earth elemental
  2806 | D:2      | Noticed a water elemental
  2806 | D:2      | Noticed an air elemental
  2811 | D:2      | Became a worshipper of Qazlal Stormbringer
  2913 | D:2      | Found a glowing silver altar of Zin.
  2913 | D:2      | Found a shattered altar of Ashenzari.
  3634 | D:3      | Found a faded altar of an unknown god.
  4075 | D:3      | Found a runed door.
  4361 | D:3      | Reached XP level 5. HP: 30/30 MP: 0/8
  4614 | D:3      | Noticed Crazy Yiuf
  4619 | D:3      | Killed Crazy Yiuf
  4619 | D:3      | Reached skill level 2 in Fighting
  4839 | D:4      | Reached skill level 1 in Summonings
  5133 | D:4      | Noticed a phantom
  5148 | D:4      | Reached XP level 6. HP: 30/36 MP: 3/10
  5530 | D:4      | Reached * piety under Qazlal
  6580 | D:5      | Entered Level 5 of the Dungeon
  6921 | D:5      | Reached skill level 5 in Ice Magic
  6921 | D:5      | Reached XP level 7. HP: 25/40 MP: 0/11
  7179 | D:5      | Reached skill level 3 in Fighting
  7370 | D:5      | Noticed a steam dragon
  7370 | D:5      | an orc wizard changed into a steam dragon
  7377 | D:4      | Killed a steam dragon
  7594 | D:5      | Found a staircase to the Ecumenical Temple.
  7862 | D:5      | Reached ** piety under Qazlal
  7920 | D:5      | Reached XP level 8. HP: 46/46 MP: 13/13
  7955 | D:5      | Found a sacrificial altar of Ru.
  8036 | D:5      | Got a smoking turquoise ring
  8187 | D:5      | Identified the ring of Divine Intervention {Ice Dex+4} (You
                  | found it on level 5 of the Dungeon)
  8666 | D:6      | Noticed Grinder
  8722 | D:6      | Killed Grinder
  9150 | D:6      | Reached skill level 4 in Fighting
  9546 | D:6      | Found a sacrificial altar of Ru.
  9798 | D:6      | HP: 2/48 [ice beast (7)]
 10591 | D:7      | Reached XP level 9. HP: 51/52 MP: 7/15
 10740 | D:7      | Found a bloodstained altar of Trog.
 11853 | D:7      | Reached skill level 5 in Fighting
 12162 | D:7      | Found Suadghykly's Assorted Antiques.
 12170 | D:7      | Bought a glowing hat for 182 gold pieces
 12170 | D:7      | Bought a potion of heal wounds for 130 gold pieces
 12566 | D:8      | Found a runed door.
 12566 | D:8      | Noticed Toogi's ghost (novice HaSk)
 12577 | D:8      | Reached skill level 5 in Armour
 12719 | D:8      | Killed Toogi's ghost
 12972 | D:8      | Found a shimmering altar of Xom.
 13078 | D:8      | Reached skill level 5 in Spellcasting
 13215 | D:8      | Reached *** piety under Qazlal
 13471 | D:8      | Found a blossoming altar of Fedhas.
 13472 | D:8      | Found a sparkling altar of Nemelex Xobeh.
 13895 | D:9      | Noticed a two-headed ogre
 13900 | D:9      | Killed a two-headed ogre
 13900 | D:9      | Reached XP level 10. HP: 60/60 MP: 7/18
 14013 | D:9      | Reached skill level 6 in Fighting
 14228 | D:9      | Reached skill level 5 in Summonings
 14344 | D:9      | Reached skill level 1 in Invocations
 14572 | D:9      | Found a staircase to the Lair.
 14813 | D:9      | Found a stormy altar of Qazlal.
 14821 | D:9      | Reached **** piety under Qazlal
 14901 | D:9      | Noticed Joseph
 14938 | D:9      | Killed Joseph
 15141 | D:9      | Found a staircase to the Orcish Mines.
 15364 | D:10     | Entered Level 10 of the Dungeon
 15814 | D:10     | Reached skill level 1 in Shields
 15930 | D:10     | Identified a +0 pair of boots of running (You found it on
                  | level 10 of the Dungeon)
 16003 | D:10     | Noticed a skeletal warrior
 16007 | D:10     | Noticed a skeletal warrior
 16015 | D:10     | Noticed a skeletal warrior
 17239 | Lair:1   | Entered Level 1 of the Lair of Beasts
 17245 | Lair:1   | Learned a level 4 spell: Throw Icicle
 17380 | D:9      | Killed a skeletal warrior
 17380 | D:9      | Reached skill level 7 in Fighting
 17380 | D:9      | Reached XP level 11. HP: 67/67 MP: 4/20
 17627 | Lair:1   | Reached skill level 10 in Ice Magic
 17665 | Lair:1   | Noticed a five-headed hydra
 17675 | Lair:1   | Killed a five-headed hydra
 17791 | Lair:1   | Noticed a four-headed hydra
 17797 | Lair:1   | Killed a four-headed hydra
 18155 | Lair:1   | Noticed an eight-headed hydra
 18164 | Lair:1   | Killed an eight-headed hydra
 19036 | Lair:2   | Reached skill level 8 in Fighting
 19163 | Lair:2   | Reached skill level 5 in Invocations
 19463 | Lair:2   | Noticed Sonja
 19473 | Lair:2   | Killed Sonja
 19792 | Lair:2   | Reached XP level 12. HP: 75/75 MP: 23/23
 19811 | Lair:2   | Found a staircase to the Snake Pit.
 19920 | Lair:2   | Reached ***** piety under Qazlal
 20626 | Lair:3   | Found a runed gate.
 20627 | Lair:3   | Found a runed gate.
 20875 | Lair:3   | Found a staircase to the Shoals.
 20957 | Lair:3   | Noticed thefreepie's ghost (journeyman MiBe)
 20958 | Lair:3   | Found a runed gate.
 21003 | Lair:3   | Reached skill level 9 in Fighting
 21179 | Lair:3   | Noticed an eight-headed hydra
 21193 | Lair:3   | Killed an eight-headed hydra
 22155 | Lair:4   | Noticed an eight-headed hydra
 22161 | Lair:4   | Killed an eight-headed hydra
 23848 | Lair:5   | Found a staircase to the Slime Pits.
 23850 | Lair:5   | Found a viscous altar of Jiyva.
 23881 | Lair:5   | Noticed an eight-headed hydra
 23890 | Lair:5   | Killed an eight-headed hydra
 23890 | Lair:5   | Reached XP level 13. HP: 82/82 MP: 1/25
 24059 | Lair:5   | Reached skill level 10 in Fighting
 24068 | Lair:5   | Reached skill level 10 in Armour
 24073 | Lair:5   | Noticed a dire elephant
 24210 | Lair:5   | Killed a dire elephant
 24732 | Lair:5   | Reached skill level 5 in Shields
 25372 | Lair:6   | Entered Level 6 of the Lair of Beasts
 27302 | Lair:6   | Noticed a dire elephant
 27302 | Lair:6   | Noticed a dire elephant
 27327 | Lair:6   | Killed a dire elephant
 27328 | Lair:6   | Noticed a dire elephant
 27503 | Lair:6   | Killed a dire elephant
 27503 | Lair:6   | Reached skill level 11 in Fighting
 27532 | Lair:6   | Killed a dire elephant
 27880 | Lair:6   | Noticed a dire elephant
 27908 | Lair:6   | Killed a dire elephant
 28033 | Lair:6   | Noticed a dire elephant
 28045 | Lair:6   | Noticed a dire elephant
 28215 | Lair:6   | Killed a dire elephant
 28215 | Lair:6   | Gained mutation: Your large and strong wings let you fly
                  | indefinitely. [Gargoyle growth]
 28215 | Lair:6   | Reached XP level 14. HP: 61/90 MP: 6/27
 28223 | Lair:6   | Killed a dire elephant
 28996 | D:10     | Got a heavily runed jade ring
 29036 | D:10     | Found Oshreakh's Armour Shoppe.
 30193 | D:11     | Reached skill level 10 in Spellcasting
 30321 | D:11     | Identified the ring "Punouh" {Fire rPois Int+4} (You found
                  | it on level 10 of the Dungeon)
 31101 | D:12     | Found an ancient bone altar of Kikubaaqudgha.
 31621 | D:11     | Reached skill level 10 in Invocations
 31825 | D:12     | Learned a level 4 spell: Summon Lightning Spire
 31860 | D:12     | Reached ****** piety under Qazlal
 32196 | D:12     | Found Iseiper's Gadget Shoppe.
 33304 | Orc:1    | Entered Level 1 of the Orcish Mines
 33519 | Orc:1    | Reached skill level 1 in Air Magic
 35008 | Orc:2    | Entered Level 2 of the Orcish Mines
 35456 | Orc:2    | Reached skill level 12 in Fighting
 35632 | Orc:2    | Found a staircase to the Elven Halls.
 35722 | Orc:2    | Noticed Urug
 35735 | Orc:2    | Killed Urug
 36314 | Orc:2    | Noticed an orc warlord
 36543 | Orc:2    | Killed an orc warlord
 36808 | Orc:2    | Found a roughly hewn altar of Beogh.
 36824 | Orc:2    | Found Gedegugg's Book Shoppe.
 36829 | Orc:2    | Found Qugaxzyss's General Store.
 36980 | Orc:2    | Found Tymiapt's Antique Weapon Shoppe.
 37249 | Orc:2    | Found Tuzej's Antique Armour Shoppe.
 37402 | Orc:2    | Bought a book of Clouds for 810 gold pieces
 37402 | Orc:2    | Bought a book of Ice for 1170 gold pieces
 37409 | Orc:2    | Learned a level 6 spell: Ozocubu's Refrigeration
 37413 | Orc:2    | Learned a level 3 spell: Mephitic Cloud
 37555 | Snake:1  | Entered Level 1 of the Snake Pit
 38525 | Snake:1  | Reached XP level 15. HP: 96/97 MP: 21/29
 39475 | Snake:1  | Found Vosch's Jewellery Emporium.
 39476 | Snake:1  | Found Sudass's Gadget Boutique.
 39476 | Snake:1  | Found Kabunow's Gadget Boutique.
 39613 | Snake:2  | Noticed a nagaraja
 39722 | Snake:2  | Killed a nagaraja
 41681 | D:13     | Got a steaming ivory ring
 42222 | D:14     | Found Xeitruc's Jewellery Emporium.
 42255 | D:14     | Reached skill level 13 in Fighting
 42408 | D:14     | Reached skill level 10 in Shields
 42520 | D:14     | Identified the ring "Qynkuos" {rCorr *Corrode rElec Slay-4
                  | SInv} (You took it off a wight on level 13 of the Dungeon)
 42597 | D:14     | Found a gate to the Vaults.
 43313 | D:15     | Entered Level 15 of the Dungeon
 43313 | D:15     | Found a sparkling altar of Nemelex Xobeh.
 43367 | D:15     | Reached skill level 5 in Air Magic
 43677 | D:14     | Bought a +3 amulet of reflection for 251 gold pieces
 43861 | D:15     | Found a staircase to the Depths.
 44474 | Elf:1    | Entered Level 1 of the Elven Halls
 44474 | Elf:1    | Noticed a deep elf elementalist
 44486 | Elf:1    | Killed a deep elf elementalist
 44810 | Elf:1    | Noticed a deep elf sorcerer
 44820 | Elf:1    | Killed a deep elf sorcerer
 44974 | Elf:1    | Found Wemiq's Magic Scroll Emporium.
 44976 | Elf:1    | Found Kodics's Gadget Shoppe.
 44978 | Elf:1    | Found Hooddaos's Armour Emporium.
 45073 | Elf:1    | Reached XP level 16. HP: 34/104 MP: 18/31
 45605 | Elf:1    | Identified a +0 pair of boots of running (You found it on
                  | level 1 of the Elven Halls)
 46512 | Elf:1    | Found Feusaol's Distillery.
 46517 | Elf:1    | Bought a potion of heal wounds for 75 gold pieces
 47047 | Shoals:1 | Entered Level 1 of the Shoals
 48206 | Shoals:2 | Noticed Nikola
 49485 | Shoals:2 | Killed Nikola
 50162 | Shoals:2 | Reached skill level 14 in Fighting
 50646 | Shoals:3 | Noticed Ilsuiw
 50948 | Shoals:3 | Killed Ilsuiw
 51754 | Shoals:3 | Noticed a kraken
 51798 | Shoals:3 | Killed a kraken
 52268 | Shoals:3 | Noticed Polyphemus
 52309 | Shoals:2 | Reached XP level 17. HP: 93/111 MP: 11/33
 52733 | Shoals:3 | Killed Polyphemus
 53070 | Shoals:3 | Noticed Roxanne
 53420 | Shoals:3 | Killed Roxanne
 53764 | Shoals:4 | Entered Level 4 of the Shoals
 55225 | Shoals:4 | Identified 2 scrolls of acquirement
 55257 | Shoals:3 | Got a smoking helmet
 55268 | Shoals:3 | Identified the +1 helmet of Watchfulness {Str+5} (You
                  | acquired it on level 3 of the Shoals)
 56004 | Shoals:4 | Found the +5 demon whip "Spellbinder" {antimagic, MR+}
 56315 | Shoals:4 | Found the +3 crown of Dyrovepreva {rElec Int+2 SInv}
 56484 | Shoals:4 | Got a barnacled rune of Zot
 58242 | Snake:3  | Found a runed door.
 58245 | Snake:3  | Noticed kmx's ghost (journeyman FeSu)
 58277 | Snake:3  | Killed kmx's ghost
 58624 | Snake:3  | Learned a level 6 spell: Freezing Cloud
 58919 | Snake:4  | Entered Level 4 of the Snake Pit
 58924 | Snake:4  | Reached skill level 15 in Fighting
 59841 | Snake:4  | Reached XP level 18. HP: 98/119 MP: 22/35
 60157 | Snake:4  | Noticed Louise
 60171 | Snake:4  | Cast into level 2 of the Abyss (Louise)
 60265 | Abyss:2  | Found a blossoming altar of Fedhas.
 60390 | Abyss:2  | Found a blossoming altar of Fedhas.
 60422 | Abyss:2  | Paralysed by accursed screaming for 1 turns
 60511 | Abyss:2  | Killed from afar by a smoke demon

Skill      XL: |  1  2  3  4  5  6  7  8  9 10 11 12 13 14 15 16 17 18 |
---------------+-------------------------------------------------------+-----
Fighting       | 1 2 3 4 5 7 8 9 11 12 13 14 15 | 15.3
Armour         | 1 2 3 4 5 6 8 9 10 | 10.0
Ice Magic      | 4 5 6 8 9 10 11 12 13 | 13.0
Summonings     | 1 2 3 4 5 7 8 |  8.0
Conjurations   | 2 3 4 |  4.7
Spellcasting   | 3 4 5 6 7 8 9 10 11 12 13 | 13.3
Invocations    | 3 5 7 9 10 | 10.0
Shields        | 2 4 6 9 10 11 12 13 | 13.0
Air Magic      | 3 5 7 8 |  8.0
Dodging        | |  1.5
Stealth        | |  2.1

Action                   |  1- 3 |  4- 6 |  7- 9 | 10-12 | 13-15 | 16-18 || total
-------------------------+-------+-------+-------+-------+-------+-------++-------
Melee: Unarmed           |    17 |       |       |       |       |       ||    17
       Dagger            |    34 |    11 |       |       |       |       ||    45
       Trident           |       |     1 |       |    77 |  1149 |   413 ||  1640
       Quarterstaff      |       |    28 |   134 |    52 |       |       ||   214
       Spear             |       |       |       |   313 |       |       ||   313
       Demon trident     |       |       |       |       |       |   342 ||   342
Throw: Stone             |       |       |     1 |       |       |       ||     1
 Cast: Freeze            |    26 |    45 |    29 |     8 |    16 |     1 ||   125
       Throw Frost       |    40 |    87 |    28 |     8 |     3 |       ||   166
       Summon Ice Beast  |       |       |    88 |   185 |   449 |   421 ||  1143
       Throw Icicle      |       |       |       |     9 |     4 |       ||    13
       Summon Lightning  |       |       |       |       |    20 |    42 ||    62
       Mephitic Cloud    |       |       |       |       |     4 |     2 ||     6
       Ozocubu's Refrige |       |       |       |       |     1 |     1 ||     2
       Freezing Cloud    |       |       |       |       |       |     6 ||     6
Invok: Upheaval          |       |       |       |     7 |     7 |     3 ||    17
       Elemental Force   |       |       |       |       |     1 |       ||     1
 Abil: Fly               |       |       |       |       |       |     1 ||     1
Evoke: Wand              |       |       |       |       |     9 |       ||     9
  Use: Scroll            |       |     8 |     3 |     8 |    11 |    13 ||    43
       Potion            |       |       |     5 |     1 |     8 |     6 ||    20
 Stab: Petrified         |       |       |     6 |       |       |       ||     6
       Distracted        |       |       |     1 |     3 |    17 |    16 ||    37
       Confused          |       |       |     1 |       |       |       ||     1
       Paralysed         |       |       |       |     3 |       |       ||     3
  Eat: Chunk             |     7 |    13 |    26 |    40 |    51 |    20 ||   157
       Ration            |       |     2 |     4 |     4 |     8 |     9 ||    27
Armor: Leather armour    |    23 |    28 |       |   235 |   273 |       ||   559
       Robe              |     1 |     6 |   133 |    26 |   251 |   448 ||   865
Dodge: Dodged            |    41 |    43 |   144 |   258 |   402 |   267 ||  1155
       Deflected         |       |       |     9 |    14 |    36 |    58 ||   117
Block: Other             |       |     1 |    23 |    41 |       |       ||    65
       Buckler           |       |       |       |   167 |       |       ||   167
       Shield            |       |       |       |    67 |  1202 |  1314 ||  2583
       Reflection        |       |       |       |       |    10 |   194 ||   204
